AoeStats
← [KMNB] Bandeira

African Clearing

510356294Analyzed
2v2 RM · 1d ago on Sep 30, 2026· 20m 34s· 4 players
Game mode
Random Map
Map size
Medium (4 player)
Population
200
Speed
Normal
Resources
Standard
Victory
Conquest
Starting age
Dark Age
Ending age
Imperial Age
RankedLock teamsTeams togetherTeam positionsShared explorationLock speedFull tech treeHidden civsTurbo modeCheats
Victory
Defeat
🇪🇸 Varangians · Spain
1423
+21
🇪🇸 Hindustanis · Spain
1418
+21
🇧🇷 Varangians · Brazil
1560
-22
🇧🇷 Huns · Brazil
1503
-20
[KMNB] Dedão
4:57 Loom
13:02 Feudal Age
19:04 Castle Age
18:50 Stone Mining
[KMNB] Bandeira
5:30 Loom
12:43 Feudal Age
13:43 Double-Bit Axe
13:42 Horse Collar
14:21 Bloodlines
15:46 Forging
elgrantato
7:36 Loom
11:54 Feudal Age
12:23 Double-Bit Axe
15:16 Town Watch
16:08 Wheelbarrow
17:01 Scale Barding Armor
[Kachop] Baryuan
9:56 Loom
11:42 Feudal Age
16:54 Castle Age
15:57 Gold Mining
Connection lost

Rejoining the realm…

Still unreachable

The connection could not be restored.

Session expired

The server has moved on; the page needs a fresh start.